 Dungeon Crawl Stone Soup version 0.27-a0-1119-gbf574a6a6b (webtiles) character file.

Game seed: 16180406275982441748

9 Zeld the Shield-Bearer (level 2, 0/21 HPs)
             Began as an Octopode Fighter on May 2, 2021.
             Succumbed to an adder's poison
             ... on level 3 of the Dungeon.
             The game lasted 00:00:45 (296 turns).

Zeld the Shield-Bearer (Octopode Fighter)            Turns: 296, Time: 00:00:45

Health: 0/21       AC:  1    Str: 15    XL:     2   Next: 12%
Magic:  2/2        EV: 11    Int: 10    God:
Gold:   8          SH:  8    Dex: 11    Spells: 1/1 levels left

rFire    . . .     SeeInvis .   a - +0 war axe
rCold    . . .     Faith    .   b - +0 kite shield
rNeg     . . .     Spirit   .   (helmet restricted)
rPois    .         Reflect  .   (no amulet)
rElec    .         Harm     .   (no ring)
rCorr    .         Rampage  .   (no ring)
Will     .....                  (no ring)
Stlth    ++........             (no ring)
HPRegen  0.07/turn              (no ring)
MPRegen  0.08/turn              (no ring)
                                (no ring)
                                (no ring)

@: lethally poisoned (0 -> -7)
A: almost no armour, amphibious, 8 rings, camouflage 1, gelatinous body 1,
(nimble swimmer 1), tentacles
a: no special abilities


You were on level 3 of the Dungeon.
You visited 1 branch of the dungeon, and saw 3 of its levels.

You collected 8 gold pieces.

Inventory:

Hand Weapons
 a - a +0 war axe (weapon)
Armour
 b - a +0 kite shield (worn)
Scrolls
 d - a scroll of identify {unknown}
 e - a scroll of magic mapping {unknown}
 f - a scroll of teleportation {unknown}
Potions
 c - a potion of might


   Skills:
 * Level 3.2 Fighting
 * Level 2.2 Axes
 - Level 3.0 Dodging
 * Level 3.2 Shields


You had one spell level left.
You didn't know any spells.
Your spell library was empty.

Dungeon Overview and Level Annotations

Branches:
Dungeon (3/15)

Altars:

Shops:
D:3 [


Innate Abilities, Weirdness & Mutations

You cannot wear most types of armour.
You are amphibious.
You can wear up to eight rings at the same time.
Your skin changes colour to match your surroundings (Stealth+).
Your rubbery body absorbs attacks. (AC +1, EV +1)
((You are camouflaged near water. (Stealth+)))
You have tentacles for arms and can constrict up to eight enemies at once.


Message History

You block the ball python's attack. The ball python constricts you.
The ball python barely misses you. The ball python constricts you.
You closely miss the ball python. You grab the ball python.
You squeeze the ball python, but do no damage.
You constrict the ball python.
You kill the ball python!
No target in view!
An adder comes into view.
You closely miss the adder.
The adder hisses angrily.
Your grab misses the adder. The adder bites you.
You are poisoned.
The adder poisons you! The adder barely misses you.
You barely miss the adder. Your grab misses the adder.
Your squeeze misses the adder.
You feel sick. You block the adder's attack. x2
You barely miss the adder. You grab the adder. You constrict the adder.
You feel sick.
You are no longer poisoned.
The adder bites you.
You are poisoned.
The adder poisons you! You block the adder's attack.
You hit the adder.
The adder is moderately wounded.
You constrict the adder.
You feel very sick. The adder closely misses you. The adder bites you.
* * * LOW HITPOINT WARNING * * *
You are lethally poisoned!
The adder poisons you!
Okay, then.
You hit the adder but do no damage. You squeeze the adder.
The adder is severely wounded.
You constrict the adder.
* * * LOW HITPOINT WARNING * * *
You feel very sick. The adder bites you.
* * * LOW HITPOINT WARNING * * *
The adder bites you but does no damage.
You release your grip on the adder.
You die...

#.......#
##..###)# #.∩#
.# #..## .#
#...# ..
##.#..###
#####..##.##..
#......S......
....##.@###.####
###....## #
#.... #....
#.... #....
#####


You could see an adder.

Vanquished Creatures
  A bat (D:3)
  A goblin (D:3)
  A hobgoblin (D:3)
  A kobold (D:3)
  A quokka (D:3)
  2 ball pythons (D:3)
  A rat (D:3)
8 creatures vanquished.

Vanquished Creatures (others)
  2 demonic plants (D:3)
  2 fungi (D:3)
  7 plants (D:3)
  2 withered plants (D:3)
13 creatures vanquished.

Grand Total: 21 creatures vanquished

Notes
Turn   | Place    | Note
-------+----------+-------------------------------------------
     0 | D:1      | Zeld the Octopode Fighter began the quest for the Orb.
     0 | D:1      | Reached XP level 1. HP: 16/16 MP: 1/1
   202 | D:3      | Reached XP level 2. HP: 21/21 MP: 2/2
   230 | D:3      | Found Ilaithru's Antique Armour Emporium.
   296 | D:3      | Succumbed to an adder's poison

Illustrated notes

Levels and vault maps discovered:
D:1:      lemuel_arrival_lava_pool, layout_loops_cross, st_stairs_10,
          solitary_fountain
D:2:      layout_rooms, uniq_robin, uniq_crazy_yiuf_cottage
D:3:      layout_rooms, marbit_many_paths, serial_shops, shop, shop,
          shapermc_ecumenical_altar_gd, grunt_decor_cap

Action                   || total
-------------------------++-------
Melee: War axe           ||    19
       Constrict         ||     4
       Tentacles         ||     3
 Stab: Sleeping          ||     2
Armor: Skin              ||     2
Dodge: Dodged            ||     5
Block: Kite shield       ||    12

Table legend: (Time is in decaauts)
 A = Elapsed time spent in this place.
 B = Non-inter-level travel time spent in this place.
 C = Inter-level travel time spent in this place.
 D = Time resting spent in this place.
 E = Time spent auto-exploring this place.
 F = Levels seen in this place.
 G = Mean time per level.
                   A        B        C        D        E       F      G
               +--------+--------+--------+--------+--------+-----+--------+
         Total |    307 |    306 |      1 |      0 |    184 |   3 |  102.3 |
       Dungeon |    307 |    306 |      1 |      0 |    184 |   3 |  102.3 |
               +--------+--------+--------+--------+--------+-----+--------+

Top non-repeatable levels by time:
     D:3: 166 daAuts
     D:1: 136 daAuts
     D:2: 4 daAuts
